 Dungeon Crawl Stone Soup version 0.28.0-47-ge53b351184 (webtiles) character file.

Game seed: 17137118799201026489

87 pkoi the Conjurer (level 4, -2/33 HPs)
             Began as a Demigod Conjurer on May 6, 2022.
             Slain by Sigmund
             ... wielding a +0 scythe
              (11 damage)
             ... on level 2 of the Dungeon.
             The game lasted 00:02:47 (3787 turns).

pkoi the Conjurer (Demigod Conjurer)                Turns: 3787, Time: 00:02:48

Health: -2/33      AC:  2    Str:  8    XL:     4   Next: 7%
Magic:  2/10       EV: 12    Int: 24    God:
Gold:   94         SH:  0    Dex: 12    Spells: 4/7 levels left

rFire   . . .      SeeInvis .   c - +0 dagger
rCold   . . .      Faith    .   (no shield)
rNeg    . . .      Spirit   .   a - +0 robe
rPois   .          Reflect  .   (no helmet)
rElec   .          Harm     .   (no cloak)
rCorr   .          Rampage  .   (no gloves)
Will    .....                   (no boots)
Stlth   ++........              (no amulet)
HPRegen 0.11/turn               (no ring)
MPRegen 0.12/turn               (no ring)

@: no status effects
A: high MP 1, forlorn, divine attributes
a: no special abilities


You were on level 2 of the Dungeon.
You visited 1 branch of the dungeon, and saw 2 of its levels.

You collected 94 gold pieces.

Inventory:

Hand Weapons
 c - a +0 dagger (weapon)
Armour
 a - a +0 robe (worn)
Scrolls
 d - a scroll of magic mapping {unknown}
 f - a scroll of vulnerability {unknown}
 g - a scroll of acquirement {unknown}
 h - a scroll of identify {unknown}
 i - a scroll of teleportation {unknown}
 j - a scroll of fear {unknown}
Potions
 b - a potion of haste {unknown}
 e - a potion of might {unknown}


   Skills:
 - Level 1.7 Dodging
 - Level 1.7 Stealth
 + Level 2.2 Spellcasting
 * Level 4.4 Conjurations
 + Level 1.3 Hexes
 + Level 1.3 Translocations


You had 4 spell levels left.
You knew the following spells:

 Your Spells              Type           Power      Damage    Failure   Level
a - Magic Dart            Conj           92%        1d7       1%          1
b - Searing Ray           Conj           46%        2d6       3%          2

Your spell library contained the following spells:

 Spells                   Type           Power      Damage    Failure   Level
 Dazzling Flash           Conj/Hex       32%        N/A       11%         3
 Fulminant Prism          Conj/Hex       8%         3d7       34%         4
 Iskenderun's Mystic Bla  Conj/Tloc      16%        2d5       34%         4


Dungeon Overview and Level Annotations

Branches:
Dungeon (2/15)

Annotations:
D:2 Sigmund


Innate Abilities, Weirdness & Mutations

You have an increased reservoir of magic. (+10% MP)
You shall have no god before yourself.
Your divine heritage dramatically boosts your attributes as you level up.


Message History

You finish channelling your searing ray.
Sigmund barely misses you.
Casting: Searing Ray (safe; 3% risk of failure)
Confirm with . or Enter, or press ? or * to list all spells.
Aiming: Searing Ray (safe; 3% risk of failure)
Press: ? - help, Shift-Dir - straight line, f/p - Sigmund
Aim: Sigmund, wielding a +0 scythe and wearing a +2 robe (heavily wounded, 75% to hit)
The searing ray hits Sigmund.
Sigmund is severely wounded. (Press . to maintain the ray.)
The searing ray hits Sigmund!
Sigmund is almost dead.
Sigmund mumbles some strange words.
Sigmund flickers and vanishes!
Deactivating autopickup; reactivate with Ctrl-A.
You hear some strange, mumbled words.
You are confused.
You hear some strange, mumbled words.
A puff of flame appears from out of thin air!
The puff of flame misses you.
Unknown command.
You hear some strange, mumbled words.
A magic dart appears from out of thin air!
The magic dart hits you.
* * * LOW HITPOINT WARNING * * *
You're too confused to move!
You hear some strange, mumbled words.
A puff of flame appears from out of thin air!
The puff of flame hits you!
* * * LOW HITPOINT WARNING * * *
You're too confused to move!
Something completely misses you.
You bump into the rock wall.
Something hits you.
* * * LOW HITPOINT WARNING * * *
You bump into the rock wall.
You closely miss something.
You feel less confused. Something hits you.
* * * LOW HITPOINT WARNING * * *
Something hits you!
You die...

############
#..........#
#######..........#
.................#######
.......>.........##....#
........########.##)...#
........##.....#.##....#
####>..@.{........'....#
#...#####.###.#.##....#
#... ..#.#.##....# #..
#######.#.##....# #..
[......<.).'....' #.
......###)##....#
.###......##....#
..........##....#
..........####..#


There were no monsters in sight!

Vanquished Creatures
  3 gnolls
  A worm (D:2)
  5 endoplasms (D:1)
  4 giant cockroaches
  6 goblins
  7 hobgoblins
  8 kobolds (D:1)
  6 quokkas
  A ball python (D:1)
  3 bats (D:1)
  3 frilled lizards
  A rat (D:1)
48 creatures vanquished.

Notes
Turn   | Place    | Note
-------+----------+-------------------------------------------
     0 | D:1      | pkoi the Demigod Conjurer began the quest for the Orb.
     0 | D:1      | Reached XP level 1. HP: 14/14 MP: 5/5
   631 | D:1      | Reached XP level 2. HP: 20/20 MP: 5/7
  1355 | D:1      | Reached skill level 4 in Conjurations
  1523 | D:1      | Reached XP level 3. HP: 26/26 MP: 4/8
  1563 | D:1      | Reached skill level 1 in Hexes
  2087 | D:1      | Learned a level 2 spell: Searing Ray
  2093 | D:1      | Reached skill level 1 in Translocations
  3283 | D:2      | Reached XP level 4. HP: 33/33 MP: 8/10
  3772 | D:2      | Noticed Sigmund
  3787 | D:2      | Slain by Sigmund

Illustrated notes

Levels and vault maps discovered:
D:1:      dpeg_arrival_simpleton_b, layout_rooms, minmay_liquid_box
D:2:      layout_basic, uniq_sigmund

Skill      XL: |  1  2  3 |
---------------+----------+-----
Spellcasting   | 2 |  2.2
Conjurations   | 4 |  4.4
Hexes          | 1 |  1.3
Translocations | 1 |  1.3
Dodging        | |  1.7
Stealth        | |  1.7

Action                   |  1- 3 |  4- 6 || total
-------------------------+-------+-------++-------
Melee: Dagger            |    15 |     1 ||    16
 Cast: Magic Dart        |    91 |     5 ||    96
       Searing Ray       |     5 |     4 ||     9
Armor: Robe              |    11 |       ||    11
Dodge: Dodged            |    42 |     5 ||    47
